 Dungeon Crawl Stone Soup version 0.20.1-1-g8b1a95d (webtiles) character file.

113 Gremour the Shield-Bearer (level 4, -2/28 HPs)
             Began as a Gargoyle Fighter on Nov 20, 2017.
             Slain by plantmann's ghost (11 damage)
             ... on level 3 of the Dungeon.
             The game lasted 00:06:43 (1296 turns).

Gremour the Shield-Bearer (Gargoyle Fighter)        Turns: 1296, Time: 00:06:44

Health: -2/28      AC: 10    Str: 19    XL:     4   Next: 96%
Magic:  4/4        EV:  7    Int:  9    God:
Gold:   94         SH:  9    Dex: 10    Spells: 3/3 levels left

rFire    . . .     SeeInvis .   a - +0 long sword
rCold    . . .     Gourm    .   c - +0 shield
rNeg     + . .     Faith    .   b - +0 scale mail
rPois    ∞         Spirit   .   (no helmet)
rElec    +         Reflect  .   (no cloak)
rCorr    .         Harm     .   (no gloves)
MR       .....                  (no boots)
Stlth    ..........             (no amulet)
Regen    0.1/turn               (no ring)
MPRegen  0.1/turn               (no ring)

@: no status effects
A: negative energy resistance 1, electricity resistance, unbreathing,
petrification resistance, rot immunity, AC +3
a: no special abilities


You were on level 3 of the Dungeon.
You were hungry.

You visited 1 branch of the dungeon, and saw 3 of its levels.

You collected 94 gold pieces.

Inventory:

Hand Weapons
 a - a +0 long sword (weapon)
 e - a +0 dagger of venom
Armour
 b - a +0 scale mail (worn)
 c - a +0 shield (worn)
Jewellery
 j - an uncursed ring of resist corrosion {unknown}
Scrolls
 h - a scroll of remove curse {unknown}
 i - a scroll of teleportation {unknown}
 m - 2 scrolls of recharging {unknown}
 q - a scroll of magic mapping {unknown}
Potions
 d - a potion of might
 g - 3 potions of degeneration {unknown}
 l - a potion of haste {unknown}
 n - a potion of lignification {unknown}
 p - a potion of flight {unknown}
Comestibles
 f - 2 bread rations
 k - a royal jelly


   Skills:
 - Level 3.2 Fighting
 * Level 4.0 Long Blades
 - Level 3.2 Armour
 + Level 0.2 Stealth
 - Level 4.0 Shields


You had 3 spell levels left.
You didn't know any spells.

Dungeon Overview and Level Annotations

Branches:
Dungeon (3/15)

Altars:
Kikubaaqudgha
Makhleb

Annotations:
D:3 plantmann's ghost, amateur GrBe


Innate Abilities, Weirdness & Mutations

You are resistant to torment.
Your stone body is resilient. (AC +3)
You are immune to poison.
You resist negative energy. (rN+)
You are resistant to electric shocks. (rElec)
You can survive without breathing.
You are immune to petrification.
You are immune to rotting.


Message History

Plantmann's ghost hits you.
You hit plantmann's ghost but do no damage.
Plantmann's ghost is moderately damaged.
You block plantmann's ghost's attack.
You hit plantmann's ghost but do no damage.
Plantmann's ghost is moderately damaged.
Plantmann's ghost hits you!
* * * LOW HITPOINT WARNING * * *
You block plantmann's ghost's attack.
A dart slug comes into view.
The dart slug launches a dart at you. The slug dart hits you!
The dart slug launches a dart at you. You block the slug dart.
Items here: ! / [ †† a chain mail; a wand of random effects (?/48); a grey potion the goblin corpse of Ijyb; a giant cockroach corpse
There is a stone staircase leading up here.
Plantmann's ghost hits you!
You die...

.# ### .# #.# .#
##. ######.. ..
.... ....#.#
.##.... ......
.......
#####.#.##.......
........W@.......
####.#.#..##.##.
#.#..# #.#..#
#.#..# # #[#..#
.#
#####.#.#..#..#
.<............##
..###.#..........


You could see plantmann's ghost.

Vanquished Creatures
  A hound (D:2)
  Ijyb (D:3)
  An adder (D:2)
  2 worms (D:2)
  A dart slug (D:1)
  2 leopard geckos (D:1)
  7 bats
  4 giant cockroaches
  A goblin (D:1)
  7 hobgoblins
  6 kobolds
  A quokka (D:2)
  3 frilled lizards
  8 rats
45 creatures vanquished.

Notes
Turn   | Place    | Note
-------+----------+-------------------------------------------
     0 | D:1      | Gremour the Gargoyle Fighter began the quest for the Orb.
     0 | D:1      | Reached XP level 1. HP: 14/14 MP: 1/1
    58 | D:1      | Reached XP level 2. HP: 15/19 MP: 2/2
   477 | D:1      | Reached XP level 3. HP: 23/23 MP: 3/3
   934 | D:2      | Found an ancient bone altar of Kikubaaqudgha.
  1097 | D:2      | Reached XP level 4. HP: 28/28 MP: 4/4
  1188 | D:2      | Found a burning altar of Makhleb.
  1235 | D:3      | Noticed Ijyb
  1259 | D:3      | Noticed plantmann's ghost (amateur GrBe)
  1271 | D:3      | Killed Ijyb
  1296 | D:3      | Slain by plantmann's ghost

Skill      XL: |  1  2  3  4 |
---------------+-------------+-----
Long Blades    | 2 3 4 |  4.0
Shields        | 4 |  4.0
Fighting       | |  3.2
Armour         | |  3.2
Stealth        | |  0.2

Action                   |  1- 3 |  4- 6 || total
-------------------------+-------+-------++-------
Melee: Long sword        |   122 |    52 ||   174
  Eat: Chunk             |     1 |       ||     1
Armor: Scale mail        |    68 |    33 ||   101
Dodge: Dodged            |    52 |    14 ||    66
Block: Shield            |    52 |    24 ||    76
       Rpst.: Long sword |    16 |     4 ||    20
